 Dungeon Crawl Stone Soup version 0.22-a0-192-g6ffc940 (webtiles) character file.

94 wolfsongas the Insei (level 4, 0/34 HPs)
             Began as a Merfolk Transmuter on Feb 16, 2018.
             Slain by Natasha (7 damage)
             ... on level 2 of the Dungeon.
             The game lasted 00:02:56 (2030 turns).

wolfsongas the Insei (Merfolk Transmuter)           Turns: 2030, Time: 00:02:57

Health: 0/34       AC:  2    Str: 10    XL:     4   Next: 63%
Magic:  7/7        EV: 13    Int: 13    God:
Gold:   94         SH:  0    Dex: 14    Spells: 7/8 levels left

rFire    . . .     SeeInvis .     - Unarmed
rCold    . . .     Gourm    .   (no shield)
rNeg     . . .     Faith    .   b - +0 robe
rPois    .         Spirit   .   (no helmet)
rElec    .         Reflect  .   (no cloak)
rCorr    .         Harm     .   (no gloves)
MR       .....                  (no boots)
Stlth    +.........             (no amulet)
HPRegen  0.11/turn              (no ring)
MPRegen  0.10/turn              (no ring)

@: appendage, slowed, very slow
A: change form in water, swift swim, stealthy swim, horns 2
a: End Transformation


You were on level 2 of the Dungeon.
You were not hungry.
You had grown temporary horns.
You visited 1 branch of the dungeon, and saw 2 of its levels.

You collected 94 gold pieces.

Inventory:

Missiles
 a - 36 arrows
Armour
 b - a +0 robe (worn)
Scrolls
 e - a scroll of magic mapping {unknown}
 g - a scroll of amnesia {unknown}
 j - 3 scrolls of identify
Potions
 f - 2 potions of haste {unknown}
 i - a potion of agility
 k - a potion of brilliance {unknown}
Books
 c - a book of Changes

   Spells                             Type                      Level
   a - Beastly Appendage              Transmutation                1
   b - Sticks to Snakes               Transmutation                2
   c - Spider Form                    Transmutation/Poison         3
   d - Ice Form                       Ice/Transmutation            4
   e - Blade Hands                    Transmutation                5
Comestibles
 d - 3 rations


   Skills:
 + Level 2.4 Fighting
 - Level 2.6 Dodging
 - Level 4.1 Unarmed Combat
 + Level 2.6 Spellcasting
 * Level 4.0 Transmutations


You had 7 spell levels left.
You knew the following spells:

 Your Spells              Type           Power        Failure   Level  Hunger
a - Beastly Appendage     Tmut           ##....       4%          1    #......


Dungeon Overview and Level Annotations

Branches:
Dungeon (2/15)

Altars:

Annotations:
D:2 Natasha


Innate Abilities, Weirdness & Mutations

You revert to your normal form in water.
You are very nimble and swift while swimming.
You are very stealthy in the water. (Stealth+)
You have a pair of horns on your head.


Message History

Natasha is lightly wounded.
Natasha casts a spell at you.
You feel as though you will be slow longer.
The shadow imp barely misses you.
You punch Natasha! You headbutt Natasha, but do no damage.
Natasha is severely wounded.
Natasha claws you! The shadow imp hits you. Natasha barely misses you.
The shadow imp misses you.
You hit Natasha.
Natasha is almost dead.
Natasha claws you! The shadow imp misses you.
You barely miss Natasha.
Natasha is almost dead.
Natasha stares at you and mumbles some strange words.
The magic dart hits you!
* * * LOW HITPOINT WARNING * * *
The shadow imp hits you.
* * * LOW HITPOINT WARNING * * *
Natasha claws you!
You die...

#...##### #..... #####
#.......############..... .....
+........................ ...#
#.......############..### ...#
####÷......# ##.# ..#
#.......#### #.### ..# #.......#
#....
..####.......#################..#
.÷.............h@5...........)...
##.###)......#########.......#..#
.....#.......# #)..........
÷....#.......# #.......#...
.....#.......# #...........
....(#.......# #........#..
...[.#.......# ######..<...
.....######### #..###. ######
#...#..


You could see Natasha and a shadow imp.

Vanquished Creatures
  Natasha (D:2)
  2 adders (D:2)
  A worm (D:2)
  A dart slug (D:1)
  5 leopard geckos
  12 bats
  2 giant cockroaches (D:2)
  4 goblins
  2 hobgoblins
  A ball python (D:1)
  2 frilled lizards (D:2)
  4 kobolds
  4 rats (D:2)
41 creatures vanquished.

Notes
Turn   | Place    | Note
-------+----------+-------------------------------------------
     0 | D:1      | wolfsongas the Merfolk Transmuter began the quest for the Orb.
     0 | D:1      | Reached XP level 1. HP: 15/15 MP: 3/3
    96 | D:1      | Reached XP level 2. HP: 8/21 MP: 3/5
   577 | D:1      | Reached XP level 3. HP: 27/27 MP: 6/6
  1642 | D:2      | Reached XP level 4. HP: 29/33 MP: 5/7
  1746 | D:2      | Noticed Natasha
  1755 | D:2      | Killed Natasha
  2022 | D:2      | Noticed Natasha
  2030 | D:2      | Slain by Natasha

Vault maps used:
D:1:      minmay_arrival_diagonal_passages
D:2:      uniq_natasha

Skill      XL: |  1  2  3  4 |
---------------+-------------+-----
Transmutations | 3 4 |  4.0
Unarmed Combat | 4 |  4.1
Fighting       | 2 |  2.4
Dodging        | |  2.6
Spellcasting   | |  2.6

Action                   |  1- 3 |  4- 6 || total
-------------------------+-------+-------++-------
Melee: Unarmed           |   111 |    28 ||   139
       Headbutt          |    12 |     4 ||    16
       Punch             |     4 |       ||     4
 Cast: Beastly Appendage |    14 |     3 ||    17
  Use: Scroll            |     2 |       ||     2
       Potion            |       |     1 ||     1
  Eat: Ration            |     2 |       ||     2
Armor: Robe              |    27 |     7 ||    34
Dodge: Dodged            |   102 |    27 ||   129

Table legend:
 A = Spawn XP
 B = Non-spawn XP
 C = Spawn XP percentage of total XP
 D = Spawn monster count
 E = Non-spawn monster count
 F = Spawn count percentage of total count
 G = Total turns spent on level
                    A         B        C        D         E        F      G
               +---------+---------+-------+---------+---------+-------+---------
         Total |       0 |     135 |   0.0 |       0 |      41 |   0.0 |  2030
               +---------+---------+-------+---------+---------+-------+---------
           D:1 |       0 |      39 |   0.0 |       0 |      20 |   0.0 |  1115
           D:2 |       0 |      96 |   0.0 |       0 |      21 |   0.0 |   915
               +---------+---------+-------+---------+---------+-------+---------
